 Dungeon Crawl Stone Soup version 0.26-a0-642-g67e99244d3 (webtiles) character file.

Game seed: 11765521249635330405

93 Colgate the Covert (level 4, 28/28 HPs)
             Began as a Kobold Delver on Sept 23, 2020.
             Was an Initiate of Zin.
             Quit the game on level 1 of the Dungeon on Sept 24, 2020.
             The game lasted 00:08:13 (1061 turns).

Colgate the Covert (Kobold Delver)                  Turns: 1061, Time: 00:08:14

Health: 28/28      AC:  4    Str: 10    XL:     4   Next: 91%
Magic:  4/4        EV: 15    Int: 11    God:    Zin [......]
Gold:   57         SH:  0    Dex: 16    Spells: 3/3 levels left

rFire    . . .     SeeInvis .   a - +0 short sword
rCold    . . .     Faith    .   (shield restricted)
rNeg     . . .     Spirit   .   b - +0 leather armour
rPois    .         Reflect  .   q - +0 helmet
rElec    .         Harm     .   (no cloak)
rCorr    .         Rampage  .   (no gloves)
MR       .....                  (no boots)
Stlth    +++++.....             (no amulet)
HPRegen  0.09/turn              (no ring)
MPRegen  0.09/turn              (no ring)

@: no status effects
A: small, nightstalker 3
a: Donate Gold, Renounce Religion


You were on level 1 of the Dungeon.
You worshipped Zin.
Zin was noncommittal.
You visited 1 branch of the dungeon, and saw 5 of its levels.

You collected 63 gold pieces.
You donated 6 gold pieces to Zin.

Inventory:

Hand Weapons
 a - a +0 short sword (weapon)
 p - a +0 trident
 r - a +0 hunting sling
Missiles
 i - 9 poisoned darts (quivered)
 k - 15 sling bullets
 l - 45 stones
 m - 47 arrows
Armour
 b - a +0 leather armour (worn)
 h - a +0 ring mail
 o - a +0 chain mail
 q - a +0 helmet (worn)
 t - a +0 robe
Wands
 g - a wand of digging (3)
Scrolls
 c - a scroll of fog
 d - a scroll of magic mapping
 e - a scroll of fear
 j - a scroll of identify {unknown}
 n - a scroll of teleportation {unknown}
 s - a scroll of remove curse {unknown}
Potions
 f - 2 potions of haste


   Skills:
 - Level 3.2 Fighting
 - Level 2.6 Short Blades
 - Level 2.4 Dodging
 + Level 9.1 Stealth


You had 3 spell levels left.
You didn't know any spells.
Your spell library was empty.

Dungeon Overview and Level Annotations

Branches:
Dungeon (5/15)
 Temple: D:4-7

Altars:
Uskayaw
Zin

Shops:
D:2 *


Innate Abilities, Weirdness & Mutations

You are small and have problems with some larger weapons.
You are completely attuned to the shadows.


Message History

You continue taking off your +0 chain mail. x4
You finish taking off your +0 chain mail.
You start putting on your armour.
You continue putting on your +0 leather armour. x5
You finish putting on your +0 leather armour.
Okay, then.
Saving game... please wait.
Welcome back, Colgate the Kobold Delver.
Zin says: Spread the light, my child.
Press ? for a list of commands and other information.
Press: ? - help, . - travel You can't see that place. [the floor.] Unknown command.
Unknown command.
Unknown command.
Welcome back, Colgate the Kobold Delver.
Zin says: Spread the light, my child.
Press ? for a list of commands and other information.
Are you sure you want to abandon this character and quit the game? (Confirm with "yes".)

..##.(.
.....
###..(##.
####...)....
#...>.......
..##.@......
#.......(
#?.......
####.[.$.
....


There were no monsters in sight!

Vanquished Creatures
  An orc priest (D:3)
  Terence (D:2)
  A hound skeleton (D:5)
  An adder (D:2)
  2 dart slugs
  An orc (D:4)
  2 bats (D:2)
  A giant cockroach (D:1)
  2 hobgoblins (D:2)
  A quokka (D:4)
  A frilled lizard (D:2)
  2 goblins
  A jackal skeleton (D:4)
  2 rats (D:3)
19 creatures vanquished.

Notes
Turn   | Place    | Note
-------+----------+-------------------------------------------
     0 | D:5      | Colgate the Kobold Delver began the quest for the Orb.
     0 | D:5      | Reached XP level 1. HP: 14/14 MP: 1/1
    39 | D:5      | Reached skill level 7 in Stealth
    39 | D:5      | Reached XP level 2. HP: 19/19 MP: 2/2
   251 | D:4      | Noticed a scorpion
   316 | D:3      | Reached XP level 3. HP: 23/23 MP: 3/3
   343 | D:3      | Found a hide-covered altar of Uskayaw.
   344 | D:3      | Reached skill level 8 in Stealth
   344 | D:3      | Reached XP level 4. HP: 28/28 MP: 4/4
   630 | D:2      | Noticed Terence
   647 | D:2      | Killed Terence
   647 | D:2      | Reached skill level 9 in Stealth
   859 | D:2      | Found Zin's Purification Station.
   861 | D:2      | Found a glowing silver altar of Zin.
   867 | D:2      | Became a worshipper of Zin the Law-Giver
  1061 | D:1      | Quit the game

Illustrated notes

Levels and vault maps discovered:
D:1:      eino_arrival_water_cross, layout_rooms
D:2:      layout_loops_ring, zin_purify, nicolae_ru_path_of_blood, uniq_terence
D:3:      minmay_diamond_boxcup, layout_loops_ring,
          nicolae_overflow_crystal_walls, nicolae_overflow_hidden_temple,
          kennysheep_generic_room_4
D:4:      layout_rooms
D:5:      layout_loops_ring, minitemple, minmay_temple_entry_waves

Skill      XL: |  1  2  3  4 |
---------------+-------------+-----
Stealth        | 7 8 9 |  9.1
Fighting       | |  3.2
Short Blades   | |  2.6
Dodging        | |  2.4

Action                   |  1- 3 |  4- 6 || total
-------------------------+-------+-------++-------
Melee: Short sword       |    29 |    32 ||    61
Throw: Dart              |     6 |     7 ||    13
 Stab: Sleeping          |     3 |     4 ||     7
Armor: Ring mail         |     3 |     3 ||     6
       Leather armour    |       |     4 ||     4
Dodge: Dodged            |    15 |    24 ||    39

Table legend: (Time is in decaauts)
 A = Elapsed time spent in this place.
 B = Non-inter-level travel time spent in this place.
 C = Inter-level travel time spent in this place.
 D = Time resting spent in this place.
 E = Time spent auto-exploring this place.
 F = Levels seen in this place.
 G = Mean time per level.
                   A        B        C        D        E       F      G
               +--------+--------+--------+--------+--------+-----+--------+
         Total |   1057 |   1057 |      0 |      0 |    727 |   5 |  211.4 |
       Dungeon |   1057 |   1057 |      0 |      0 |    727 |   5 |  211.4 |
               +--------+--------+--------+--------+--------+-----+--------+

Top non-repeatable levels by time:
     D:2: 637 daAuts
     D:4: 222 daAuts
     D:3: 91 daAuts
     D:1: 63 daAuts
     D:5: 41 daAuts
